 Dungeon Crawl Stone Soup version 0.27-a0-679-g77a6b55cf3 (console) character file.

Game seed: 14014670441181152252

2849 liriope the Cleaver (level 9, -4/75 HPs)
             Began as a Demigod Delver on Mar 18, 2021.
             Slain by an orc warrior
             ... wielding a +0 trident
              (20 damage)
             ... on level 10 of the Dungeon.
             The game lasted 00:18:10 (7643 turns).

liriope the Cleaver (Demigod Delver)                Turns: 7643, Time: 00:18:10

Health: -4/75      AC: 11    Str: 25    XL:     9   Next: 22%
Magic:  11/11      EV:  9    Int: 12    God:
Gold:   326        SH:  0    Dex: 15    Spells: 8/8 levels left

rFire    . . .     SeeInvis .   a - +0 hand axe (elec)
rCold    . . .     Faith    .   (no shield)
rNeg     + . .     Spirit   .   p - +0 chain mail
rPois    +         Reflect  .   k - +1 helmet
rElec    .         Harm     .   b - scarf {shadows}
rCorr    .         Rampage  .   (no gloves)
Will     .....                  (no boots)
Stlth    ..........             q - amulet of the acrobat
HPRegen  0.22/turn              n - ring of positive energy
MPRegen  0.12/turn              t - ring of poison resistance

@: hasted, very quick
A: high mp 1, forlorn
a: no special abilities


You were on level 10 of the Dungeon.
You visited 2 branches of the dungeon, and saw 9 of its levels.

You collected 326 gold pieces.

Inventory:

Hand Weapons
 a - a +0 hand axe of electrocution (weapon)
 m - a +1 dagger of venom
Missiles
 o - 10 poisoned darts (quivered)
Armour
 b - a scarf of shadows (worn)
 k - a +1 helmet (worn)
 p - a +0 chain mail (worn)
Jewellery
 n - a ring of positive energy (right hand)
 q - an amulet of the acrobat (around neck)
 t - a ring of poison resistance (left hand)
Wands
 d - a wand of iceblast (4)
 g - a wand of digging (5)
 s - a wand of acid (5)
Scrolls
 c - a scroll of fog
 e - a scroll of magic mapping
 f - a scroll of brand weapon
 i - a scroll of amnesia
 v - a scroll of enchant armour
Potions
 l - a potion of resistance
 x - a potion of mutation


   Skills:
 - Level 6.0 Fighting
 + Level 10.1 Axes
 - Level 2.0 Throwing
 - Level 3.0 Armour
 - Level 1.7 Dodging
 - Level 4.5 Stealth


You had 8 spell levels left.
You didn't know any spells.
Your spell library contained the following spells:

 Spells                   Type           Power      Damage    Failure   Level
 Animate Skeleton         Necr           0%         N/A       93%         1
 Apportation              Tloc           0%         N/A       93%         1
 Corona                   Hex            0%         N/A       93%         1
 Summon Small Mammal      Summ           0%         N/A       93%         1


Dungeon Overview and Level Annotations

Branches:
Dungeon (7/15)             Temple (1/1) D:4

Shops:
D:1 [   D:2 *


Innate Abilities, Weirdness & Mutations

Your attributes grow dramatically as you level up.
You have an increased reservoir of magic. (+10% MP)
You shall have no god before yourself.


Message History

The bolt of acid hits the killer bee!
The killer bee is splashed with acid.
The acid corrodes the killer bee!
You kill the killer bee!
The bolt of acid hits the killer bee!
The killer bee is splashed with acid.
You kill the killer bee!
The bolt of acid hits the killer bee!
The killer bee is splashed with acid.
The killer bee seems to be corroded for longer.
You kill the killer bee!
The bolt of acid misses the bullfrog.
The bolt of acid misses the orc warrior.
Aiming: Corrosive Bolt
Press: ? - help, Shift-Dir - straight line, f - centaur, p - orc warrior
Aim: a centaur, quivering arrows (17% to evade)
The bolt of acid misses the bullfrog.
The bolt of acid hits the orc warrior.
The orc warrior is splashed with acid.
The acid corrodes the orc warrior!
The orc warrior is moderately wounded.
The bolt of acid hits the centaur!
The centaur is splashed with acid.
The acid corrodes the centaur!
The centaur is severely wounded.
Aiming: Corrosive Bolt
Press: ? - help, Shift-Dir - straight line, p - centaur The bolt of acid hits the bullfrog!
The bullfrog is splashed with acid.
The bullfrog seems to be corroded for longer.
You kill the bullfrog!
The bolt of acid misses the orc warrior.
The bolt of acid hits the centaur!
The centaur is splashed with acid.
You kill the centaur!
Your Axes skill increases to level 10!
Aiming: Corrosive Bolt
Press: ? - help, Shift-Dir - straight line, f - killer bee
Aim: a killer bee (57% to evade)
The bolt of acid hits the orc warrior!
The orc warrior is splashed with acid.
The orc warrior seems to be corroded for longer.
The orc warrior is severely wounded.
The bolt of acid hits the killer bee!
The killer bee is splashed with acid.
The acid corrodes the killer bee!
The killer bee is almost dead.
You hear an angry buzzing noise.
The orc warrior hits you from afar with a +0 trident!!
You die...

#....##.?..........##
#.o..###..........##
#..Z.##############
#####y## ##)## ##.##
##o## ##†## ##@# ###


You could see an orc warrior (fast, corroded) and a killer bee (corroded).

Vanquished Creatures
  Menkaure (D:6)
  2 ice beasts (D:6)
  A sky beast (D:5)
  An orc warrior (D:6)
  2 ogres
  2 centaurs
  2 phantoms
  3 bullfrogs (D:10)
  A scorpion (D:5)
  21 killer bees (D:10)
  3 vampire bats (D:2)
  A bullfrog zombie (D:5)
  2 bullfrog skeletons (D:5)
  Ijyb (D:5)
  3 orc wizards
  6 worker ants
  A howler monkey zombie (D:6)
  7 gnolls
  A howler monkey skeleton (D:6)
  7 adders
  A shadow imp (D:5)
  A white imp (D:5)
  An ufetubus (D:10)
  3 dart slugs
  2 leopard geckos
  13 orcs
  3 bats
  2 bat skeletons (D:2)
  4 bat zombies (D:2)
  4 giant cockroaches
  8 goblins
  10 hobgoblins
  7 jackals
  5 quokkas
  2 ball pythons
  3 frilled lizards
  2 kobolds
  3 rats (D:2)
142 creatures vanquished.

Notes
Turn   | Place    | Note
-------+----------+-------------------------------------------
     0 | D:5      | liriope the Demigod Delver began the quest for the Orb.
     0 | D:5      | Reached XP level 1. HP: 18/18 MP: 3/3
    92 | D:5      | Noticed a sky beast
   203 | D:4      | Noticed an ogre
   240 | D:4      | Found a staircase to the Ecumenical Temple.
   258 | Temple   | Entered the Ecumenical Temple
   320 | D:4      | Noticed a worker ant
   334 | D:4      | Noticed a worker ant
   582 | D:3      | Noticed an ice beast
   662 | D:1      | Found Pareorai's Antique Armour Boutique.
   876 | D:1      | Reached XP level 2. HP: 14/26 MP: 4/4
  1759 | D:2      | Found Bosogh's Assorted Antiques.
  1812 | D:1      | Reached XP level 3. HP: 17/33 MP: 5/5
  2099 | D:2      | Reached skill level 1 in Throwing
  2410 | D:2      | Reached XP level 4. HP: 32/41 MP: 6/6
  2432 | D:2      | Reached skill level 5 in Fighting
  2432 | D:2      | Reached XP level 5. HP: 35/48 MP: 7/7
  3639 | D:3      | Reached skill level 1 in Armour
  4079 | D:4      | Reached XP level 6. HP: 57/57 MP: 8/8
  4089 | D:4      | Reached skill level 2 in Axes
  4487 | D:5      | Noticed Ijyb
  4683 | D:5      | Reached skill level 3 in Axes
  4828 | D:5      | Reached XP level 7. HP: 56/63 MP: 9/9
  4940 | D:6      | Reached skill level 4 in Axes
  4970 | D:6      | Identified the +1 ring mail of Luloasie {rPois Str+5}
  4972 | D:6      | Noticed Menkaure
  5712 | D:5      | Reached skill level 5 in Axes
  5793 | D:5      | Killed Ijyb
  6051 | D:6      | Killed Menkaure
  6052 | D:6      | Reached skill level 6 in Axes
  6141 | D:6      | Reached XP level 8. HP: 69/70 MP: 10/10
  6395 | D:6      | Reached skill level 7 in Axes
  7119 | D:7      | You fall into a shaft and drop 3 floors!
  7119 | D:10     | Entered Level 10 of the Dungeon
  7160 | D:10     | Noticed a two-headed ogre
  7181 | D:10     | Reached skill level 8 in Axes
  7340 | D:10     | Reached skill level 9 in Axes
  7591 | D:10     | Reached XP level 9. HP: 66/75 MP: 11/11
  7629 | D:10     | HP: 3/75 [killer bee (4)]
  7643 | D:10     | Reached skill level 10 in Axes
  7643 | D:10     | Slain by an orc warrior

Illustrated notes

Levels and vault maps discovered:
D:1:      dpeg_arrival_erosion, layout_rooms, serial_shops, shop
D:2:      layout_loops_ring, kennysheep_vampire_church, serial_shops,
          nicolae_shop_stone, chequers_ecumenical_altar_island
D:3:      layout_loops_ring
D:4:      layout_rooms, minmay_temple_entry_antechambers,
          nicolae_qazlal_general_emergency
D:5:      layout_basic, uniq_ijyb
D:6:      layout_basic, uniq_menkaure
D:7:      layout_loops_ring, serial_shops, nicolae_shop_stone, enter_bailey_5,
          uniq_maggie
D:10:     wad_woods_minihive, layout_rooms
Temple:   minmay_crystal_snake_temple

Skill      XL: |  1  2  3  4  5  6  7  8  9 |
---------------+----------------------------+-----
Fighting       | 3 4 5 6 |  6.0
Throwing       | 2 |  2.0
Armour         | 1 2 3 |  3.0
Axes           | 3 6 9 10 | 10.1
Dodging        | |  1.7
Stealth        | |  4.5

Action                   |  1- 3 |  4- 6 |  7- 9 || total
-------------------------+-------+-------+-------++-------
Melee: Hand axe          |    67 |    49 |   247 ||   363
       Dagger            |    70 |   100 |       ||   170
Throw: Dart              |       |       |     6 ||     6
Evoke: Wand              |     1 |       |     9 ||    10
  Use: Scroll            |     2 |     4 |     9 ||    15
       Potion            |     1 |       |     7 ||     8
 Stab: Sleeping          |     3 |       |       ||     3
Armor: Leather armour    |    15 |       |       ||    15
       Chain mail        |    98 |    92 |   100 ||   290
       Skin              |       |       |    88 ||    88
Dodge: Dodged            |    94 |    55 |   159 ||   308

Table legend: (Time is in decaauts)
 A = Elapsed time spent in this place.
 B = Non-inter-level travel time spent in this place.
 C = Inter-level travel time spent in this place.
 D = Time resting spent in this place.
 E = Time spent auto-exploring this place.
 F = Levels seen in this place.
 G = Mean time per level.
                   A        B        C        D        E       F      G
               +--------+--------+--------+--------+--------+-----+--------+
         Total |   7641 |   7340 |    301 |   2698 |   2775 |   9 |  849.0 |
       Dungeon |   7597 |   7314 |    283 |   2698 |   2751 |   8 |  949.6 |
        Temple |     43 |     25 |     18 |      0 |     24 |   1 |   43.0 |
               +--------+--------+--------+--------+--------+-----+--------+

Top non-repeatable levels by time:
     D:6: 1587 daAuts
     D:2: 1381 daAuts
     D:3: 1211 daAuts
     D:5: 1189 daAuts
     D:1: 1079 daAuts
     D:4: 640 daAuts
    D:10: 501 daAuts
  Temple: 43 daAuts
     D:7: 7 daAuts
